 Dungeon Crawl Stone Soup version 0.17-a0-1760-ga6756ae (webtiles) character file.

242 Electro the Firebug (level 5, -3/39 HPs)
             Began as a Demigod Fire Elementalist on Sept 3, 2015.
             Slain by an orc
             ... wielding a +0 mace
              (6 damage)
             ... on level 4 of the Dungeon.
             The game lasted 00:37:56 (3389 turns).

Electro the Firebug (Demigod Fire Elementalist)     Turns: 3389, Time: 00:37:56

Health: -3/39      AC:  5    Str: 11    XL:     5   Next: 51%
Magic:  4/12       EV: 13    Int: 21    God:
Gold:   147        SH:  0    Dex: 16    Spells: 1 memorised, 8 levels left

rFire  . . .     SeeInvis .     m - staff of death
rCold  . . .     Clarity  .     v - +0 robe
rNeg   + . .     SustAt   +     (no shield)
rPois  .         Gourm    .     (no helmet)
rElec  .         Spirit   .     G - +0 cloak
rCorr  .         Warding  .     u - +1 pair of gloves
rMut   .         Stasis   .     (no boots)
MR     .....                    (no amulet)
Stlth  ++........               (no ring)
                                w - ring of sustain attributes

@: not resistant to hostile enchantments, unstealthy
A: high mp 1, sustain attributes
a: no special abilities


You were on level 4 of the Dungeon.
You were not hungry.

You visited 1 branch of the dungeon, and saw 4 of its levels.

You collected 147 gold pieces.

Inventory:

Hand weapons
 e - a +0 club
 i - a +0 hunting sling
 j - a +0 short sword
 o - a +0 dagger
Missiles
 d - 2 large rocks
 h - 30 poisoned needles
 n - 60 arrows
 t - 16 sling bullets
 D - a throwing net (quivered)
Armour
 a - a +0 robe
 k - a +0 pair of gloves
 l - a +0 robe
 s - a +0 robe
 u - a +1 pair of gloves (worn)
 v - a +0 robe (worn)
 B - a +0 cloak
 E - a +0 cloak
 G - a +0 cloak (worn)
Magical staves
 m - an uncursed staff of death (weapon)
Jewellery
 w - a ring of sustain attributes (left hand)
Scrolls
 g - 6 scrolls of remove curse
 q - a scroll of fog
 x - a scroll of amnesia
 y - a scroll of identify
Potions
 p - a potion of degeneration {unknown}
 z - a potion of haste {unknown}
 A - a potion of curing {unknown}
 C - a potion of heal wounds {unknown}
Books
 b - a book of Flames

   Spells                             Type                      Level
   a - Flame Tongue                   Conjuration/Fire             1
   b - Throw Flame                    Conjuration/Fire             2
   c - Conjure Flame                  Conjuration/Fire             3
   d - Inner Flame                    Hexes/Fire                   3
   e - Sticky Flame                   Conjuration/Fire             4
   f - Fireball                       Conjuration/Fire             5
Comestibles
 c - 2 bread rations
 f - 2 meat rations
 r - a royal jelly
 F - a beef jerky


   Skills:
 + Level 0.6 Fighting
 + Level 0.1 Staves
 + Level 2.9 Dodging
 + Level 2.0 Stealth
 + Level 2.7 Spellcasting
 + Level 2.4 Conjurations
 + Level 4.0 Fire Magic


You had 8 spell levels left.
You knew the following spells:

 Your Spells              Type           Power        Failure   Level  Hunger
a - Flame Tongue          Conj/Fire      ###..        4%          1    None


Dungeon Overview and Level Annotations

Branches:
Dungeon (4/15)
 Temple: D:4-7


Innate Abilities, Weirdness & Mutations

You have an increased reservoir of magic (+10% MP).
Your attributes are resistant to harm.


Message History

You feel less confused. The orc hits you with a mace.
Something barely misses you.
You miss something. Something hits you but does no damage.
The orc hits you with a mace.
* * * LOW HITPOINT WARNING * * *
Casting: Flame Tongue
Confirm with . or Enter, or press ? or * to list all spells.
You don't know that spell.
You barely miss something. Something hits you.
* * * LOW HITPOINT WARNING * * *
The orc misses you.
You hit something but do no damage. Something hits you.
* * * LOW HITPOINT WARNING * * *
The orc completely misses you.
You hear some strange, mumbled words.
A magic dart appears from out of thin air!
The magic dart hits you!
* * * LOW HITPOINT WARNING * * *
You miss something. The orc hits you with a mace.
You die...

#.............†........
#...<........#..#######
#...........###..#
#.........### ##[#
##..........# #.#
#.......##.####.#
##..##### ....#.# #.##
##o#.##### #.#
#@......# ... ###)###.#
##.. #..##.#########
##.....).......
######......##
.....#..# ..........
.#.######.. ###. .


You could see an orc.

Vanquished Creatures
  A phantom (D:3)
  An orc wizard (D:4)
  5 adders
  An ooze (D:1)
  A worm (D:2)
  4 giant geckos
  2 orcs
  6 bats
  A giant cockroach (D:2)
  12 goblins
  10 hobgoblins
  6 jackals
  3 ball pythons
  7 giant newts
  5 kobolds
  5 rats
70 creatures vanquished.

Notes
Turn   | Place    | Note
--------------------------------------------------------------
     0 | D:1      | Electro the Demigod Fire Elementalist began the quest for the Orb.
     0 | D:1      | Reached XP level 1. HP: 14/14 MP: 5/5
    95 | D:1      | Reached skill level 1 in Conjurations
    95 | D:1      | Reached skill level 3 in Fire Magic
   139 | D:1      | Reached XP level 2. HP: 18/20 MP: 2/7
   776 | D:1      | Reached XP level 3. HP: 26/26 MP: 6/8
  1635 | D:2      | Reached XP level 4. HP: 33/33 MP: 7/10
  2447 | D:3      | Noticed a phantom
  2462 | D:3      | Killed a phantom
  2462 | D:3      | Reached XP level 5. HP: 34/39 MP: 2/11
  3378 | D:4      | Reached skill level 4 in Fire Magic
  3389 | D:4      | Slain by an orc

Vault maps used:
D:1:      dpeg_arrival_court, nrook_loot_triangle
D:2:      hex_medium
D:3:      hangedman_abyss_or_decor_lesser_grid

Action                   |  1- 3 |  4- 6 || total
-------------------------+-------+-------++-------
Melee: Club              |    15 |       ||    15
       Short sword       |     8 |       ||     8
       Staff             |    10 |    13 ||    23
 Cast: Flame Tongue      |    68 |    63 ||   131
  Use: Scroll            |     6 |     1 ||     7
  Eat: Bread ration      |     1 |     1 ||     2
